 Dungeon Crawl Stone Soup version 0.21.1-1-g345015f (webtiles) character file.

22852 Recruiting the Severer (level 13, -1/138 HPs)
             Began as a Human Berserker on June 12, 2018.
             Was a High Priest of Trog.
             Succumbed to barbed spike wounds
             ... on level 1 of the Shoals.
             The game lasted 01:29:45 (16140 turns).

Recruiting the Severer (Human Berserker)           Turns: 16140, Time: 01:29:45

Health: -1/138     AC: 22    Str: 27    XL:     13   Next: 30%
Magic:  13/13      EV:  8    Int:  9    God:    Trog [*****.]
Gold:   557        SH: 15    Dex: 10    Spells: 12/12 levels left

rFire    . . .     SeeInvis +   I - +2 hand axe (flame)
rCold    . . .     Gourm    .   v - +2 shield
rNeg     . . .     Faith    .   j - +1 plate armour
rPois    +         Spirit   .   k - +2 helmet
rElec    .         Reflect  .   F - +2 cloak
rCorr    .         Harm     .   (no gloves)
MR       .....                  g - +1 pair of boots
Stlth    ..........             (no amulet)
HPRegen  0.33/turn              s - ring of see invisible
MPRegen  0.13/turn              K - ring of poison resistance

@: berserking, barbed spikes, very quick
A: clumsy 1, mutation resistance 1
a: Berserk, Trog's Hand, Brothers in Arms, Burn Spellbooks, Renounce Religion


You were on level 1 of the Shoals.
You worshipped Trog.
Trog was extremely pleased with you.
You were hungry.

You visited 4 branches of the dungeon, and saw 16 of its levels.

You collected 793 gold pieces.
You spent 236 gold pieces at shops.

Inventory:

Hand Weapons
 I - a +2 hand axe of flaming (weapon)
Armour
 g - a +1 pair of boots (worn)
 j - a +1 plate armour (worn)
 k - a +2 helmet (worn)
 v - a +2 shield (worn)
 F - a +2 cloak (worn)
Jewellery
 s - a ring of see invisible (left hand)
 K - a ring of poison resistance (right hand)
Wands
 c - a wand of random effects (52)
 C - a wand of flame (30)
 D - a wand of acid (19)
 E - a wand of paralysis (12)
 N - a wand of scattershot (5)
Scrolls
 a - 4 scrolls of fear
 d - 2 scrolls of identify
 l - 3 scrolls of enchant armour
 o - 3 scrolls of magic mapping
 p - 4 scrolls of teleportation
 r - 7 scrolls of remove curse
 y - 3 scrolls of fog
Potions
 b - 2 potions of brilliance {unknown}
 e - 3 potions of mutation
 h - a potion of magic {unknown}
 i - a potion of curing
 n - 7 potions of haste
 q - 2 potions of lignification {unknown}
 t - 2 potions of berserk rage {unknown}
 w - 4 potions of agility
 x - a potion of might {unknown}
 B - a potion of flight {unknown}
 G - a potion of resistance {unknown}
 J - a potion of experience {unknown}
Comestibles
 u - 10 rations


   Skills:
 + Level 5.4 Fighting
 + Level 15.0(15.3) Axes
   Level 4.9(11.1) Maces & Flails
 + Level 5.1 Armour
 + Level 3.1 Dodging
 + Level 0.8 Stealth
 + Level 11.9 Shields


You had 12 spell levels left.
You didn't know any spells.

Dungeon Overview and Level Annotations

Branches:
Dungeon (11/15)            Temple (1/1) D:7            Lair (3/6) D:11
 Shoals (1/4) Lair:3          Orc (0/2) D:11
  Snake: Lair:2-4    Spider: Lair:2-4

Altars:
Ashenzari
Cheibriados
Dithmenos
Elyvilon
Fedhas
Gozag
Hepliaklqana
Kikubaaqudgha
Makhleb
Nemelex Xobeh
Okawaru
Qazlal
Ru
Sif Muna
Trog
Uskayaw
Vehumet
Wu Jian
Xom
Yredelemnul
Zin
The Shining One

Shops:
D:5 *   D:9 *


Innate Abilities, Weirdness & Mutations

You are clumsy. (Dex -2)
You are somewhat resistant to further mutation.


Message History

You block the hippogriff's attack. x2
The hippogriff claws you but does no damage.
You block the snapping turtle's attack.
Your unstable footing causes you to fumble your attack.
You block the wind drake's attack. The water nymph touches you.
The water nymph drowns you!
* * * LOW HITPOINT WARNING * * *
You are too berserk!
You are too berserk!
You are too berserk!
You are too berserk!
You are too berserk!
The barbs in your skin will harm you if you move.
Continue?
Uppercase [Y]es or [N]o only, please.
The barbs in your skin will harm you if you move.
Continue?
The barbed spikes dig painfully into your body as you move.
* * * LOW HITPOINT WARNING * * *
You block the snapping turtle's attack.
The barbed spikes dig painfully into your body as you move.
You die...

≈≈≈....≈≈≈≈≈≈≈....
≈P≈≈....≈≈≈≈≈≈≈≈≈≈
≈≈≈≈P.....≈≈≈≈≈≈≈≈
PP≈≈.......≈≈≈≈≈≈≈
PP≈≈P.. P..≈≈≈≈≈≈≈
≈≈≈≈.PP .PH≈≈≈≈≈≈
≈P≈...≈###.≈≈≈≈≈≈≈
PP≈...≈mH.@.≈≈≈≈≈≈
.≈≈..P≈≈k....≈≈≈≈≈
P≈≈≈.....t..≈≈≈≈≈≈
≈≈≈...≈≈≈<..≈≈≈≈≈≈
P..PP.≈≈≈≈≈≈≈≈≈≈≈≈
≈...P≈≈≈≈≈≈≈≈≈≈≈.≈
≈≈≈≈≈≈≈≈≈≈...≈≈≈≈≈
.≈≈≈≈≈.≈≈..##≈≈≈≈≈
...≈≈≈...... ....


You could see a snapping turtle, a wind drake, a manticore, a hippogriff and a
water nymph.

Vanquished Creatures
  Gastronok (Lair:3)
  A two-headed ogre (D:8)
  A hydra (Lair:2)
  A death knight (D:10)
  A skeletal warrior (D:10)
  2 unseen horrors (D:11)
  A black mamba (Lair:2)
  Maurice (D:8)
  6 spiny frogs
  2 komodo dragons (Lair:1)
  The ghost of Rwicked the Chopper, an amateur MiBe of Trog (D:6)
  A troll (D:10)
  Prince Ribbit (D:6)
  8 blink frogs (Lair:3)
  3 hippogriffs
  3 wraiths
  16 yaks
  2 hungry ghosts
  2 wargs (D:11)
  12 water moccasins
  5 porcupines
  An orc warrior (D:11)
  A hell hound (D:11)
  An ice beast (D:9)
  2 phantoms (D:5)
  3 black bears
  3 sky beasts
  A necrophage (D:8)
  5 ogres
  3 centaurs
  24 wolves
  8 crocodiles
  14 bullfrogs
  A wyvern skeleton (D:10)
  2 scorpions
  A howler monkey (D:7)
  A bullfrog zombie (D:11)
  A crimson imp (D:5)
  A quasit (D:8)
  2 centaur zombies
  4 hounds
  2 jellies
  3 orc priests
  3 centaur skeletons
  Ijyb (D:3)
  Jessica (D:3)
  A gnoll shaman (D:8)
  An iguana (D:11)
  9 orc wizards
  7 worker ants
  A worker ant zombie (D:10)
  11 gnolls
  7 adders
  3 shadow imps
  An ooze (D:1)
  4 worms
  3 dart slugs
  3 leopard geckos
  31 orcs
  3 ball pythons
  6 giant cockroaches
  7 goblins
  5 hobgoblins
  17 jackals
  5 quokkas
  5 bats
  8 frilled lizards
  6 kobolds
  A leopard gecko skeleton (D:4)
  A quokka skeleton (D:4)
  7 rats
  A bush (Temple)
  5 fungi
  A plant (Temple)
320 creatures vanquished.

Vanquished Creatures (collateral kills)
  A freezing wraith (D:10)
1 creature vanquished.

Vanquished Creatures (others)
  A fungus (Lair:3)
1 creature vanquished.

Grand Total: 322 creatures vanquished

Notes
Turn   | Place    | Note
-------+----------+-------------------------------------------
     0 | D:1      | Recruiting the Human Berserker began the quest for the Orb.
     0 | D:1      | Reached XP level 1. HP: 18/18 MP: 1/1
   169 | D:1      | Reached XP level 2. HP: 24/24 MP: 2/2
   468 | D:1      | Reached XP level 3. HP: 29/29 MP: 3/3
   851 | D:1      | You fall through a shaft!
   976 | D:2      | Reached ** piety under Trog
  1076 | D:2      | Reached XP level 4. HP: 35/35 MP: 4/4
  1329 | D:2      | Reached skill level 1 in Maces & Flails
  1771 | D:3      | Noticed Jessica
  1784 | D:3      | Killed Jessica
  1784 | D:3      | Reached XP level 5. HP: 41/41 MP: 5/5
  1890 | D:3      | Noticed Ijyb
  1907 | D:3      | Killed Ijyb
  2705 | D:4      | Reached XP level 6. HP: 37/48 MP: 6/6
  2838 | D:4      | Noticed an ogre
  2850 | D:4      | Killed an ogre
  2893 | D:4      | Reached *** piety under Trog
  3230 | D:4      | Reached XP level 7. HP: 54/54 MP: 7/7
  3682 | D:5      | Entered Level 5 of the Dungeon
  4432 | D:5      | Found Obabi's General Store.
  4526 | D:5      | Bought a +2 shield for 181 gold pieces
  4526 | D:5      | Bought a ration for 55 gold pieces
  4689 | D:5      | Reached XP level 8. HP: 58/61 MP: 8/8
  4795 | D:5      | Found a glowing golden altar of the Shining One.
  5544 | D:6      | Noticed Rwicked's ghost (amateur MiBe)
  5574 | D:6      | Killed Rwicked's ghost
  5613 | D:6      | Reached skill level 5 in Shields
  5621 | D:6      | Reached **** piety under Trog
  5833 | D:6      | Got a warped ivory amulet
  5838 | D:6      | Identified the amulet "Etariyl" {Harm *Drain +Fly Dex-5 Slay+2} (You found it on level 6 of the Dungeon)
  6484 | D:6      | Noticed Prince Ribbit
  6509 | D:6      | Killed Prince Ribbit
  6509 | D:6      | Reached XP level 9. HP: 31/66 MP: 9/9
  7397 | D:7      | Found a staircase to the Ecumenical Temple.
  7417 | Temple   | Entered the Ecumenical Temple
  7979 | D:7      | Got an iridescent long sword
  7982 | D:7      | Identified the cursed +3 long sword "Gumpeill" {drain, -Tele rElec Str-3 Stlth+} (You found it on level 7 of the Dungeon)
  8439 | D:8      | Noticed a hippogriff
  8447 | D:8      | Killed a hippogriff
  8701 | D:8      | Got a bloodstained trident
  8712 | D:8      | Got a steaming leather armour
  8714 | D:8      | Identified the +3 leather armour of Syndicalism {rElec} (You found it on level 8 of the Dungeon)
  8715 | D:8      | Identified the +6 trident of Ruination {antimagic, rF- Str-3 Int+9 Stlth+} (You found it on level 8 of the Dungeon)
  9269 | D:8      | Noticed Maurice
  9297 | D:8      | Killed Maurice
  9297 | D:8      | Reached skill level 10 in Shields
  9297 | D:8      | Reached XP level 10. HP: 73/73 MP: 10/10
  9526 | D:8      | Noticed a two-headed ogre
  9548 | D:8      | Killed a two-headed ogre
  9820 | D:9      | Found a shadowy altar of Dithmenos.
 10143 | D:9      | Reached skill level 4 in Axes
 10548 | D:9      | Found Ricocs Ciqu's Serpentskin Sales.
 10568 | D:9      | Reached skill level 5 in Axes
 11374 | D:10     | Entered Level 10 of the Dungeon
 11448 | D:10     | Reached skill level 6 in Axes
 11720 | D:10     | Noticed a death knight
 11720 | D:10     | Noticed a freezing wraith
 11722 | D:10     | Noticed a skeletal warrior
 11727 | D:10     | Killed a freezing wraith
 11727 | D:10     | Reached skill level 7 in Axes
 11748 | D:10     | Killed a death knight
 11748 | D:10     | Reached skill level 8 in Axes
 11748 | D:10     | Reached XP level 11. HP: 59/78 MP: 11/11
 11763 | D:10     | Found a shattered altar of Ashenzari.
 12143 | D:10     | Killed a skeletal warrior
 12218 | D:10     | Reached skill level 9 in Axes
 12649 | D:10     | Reached skill level 10 in Axes
 12913 | D:11     | Found a staircase to the Orcish Mines.
 12999 | D:11     | Reached ***** piety under Trog
 13083 | D:11     | Noticed an unseen horror
 13098 | D:11     | Reached skill level 11 in Axes
 13101 | D:11     | Noticed an unseen horror
 13144 | D:11     | Killed an unseen horror
 13144 | D:11     | Received a gift from Trog
 13146 | D:11     | Killed an unseen horror
 13362 | D:11     | Found a staircase to the Lair.
 13391 | Lair:1   | Entered Level 1 of the Lair of Beasts
 13460 | Lair:1   | Reached XP level 12. HP: 52/84 MP: 9/12
 13465 | Lair:1   | Reached skill level 12 in Axes
 13983 | Lair:1   | Reached skill level 13 in Axes
 14151 | Lair:1   | You fall through a shaft!
 14748 | Lair:2   | Noticed a five-headed hydra
 14758 | Lair:2   | Killed a one-headed hydra
 14758 | Lair:2   | Reached skill level 14 in Axes
 15357 | Lair:3   | Reached XP level 13. HP: 45/90 MP: 13/13
 15539 | Lair:3   | Gained mutation: You are clumsy. (Dex -2) [potion of mutation]
 15539 | Lair:3   | Gained mutation: You are somewhat resistant to further mutation. [potion of mutation]
 15594 | Lair:3   | Noticed Gastronok
 15632 | Lair:3   | Killed Gastronok
 15632 | Lair:3   | Reached skill level 5 in Fighting
 15675 | Lair:3   | Reached skill level 5 in Armour
 15779 | Lair:3   | Reached skill level 15 in Axes
 16102 | Lair:3   | Found a staircase to the Shoals.
 16120 | Shoals:1 | Entered Level 1 of the Shoals
 16139 | Shoals:1 | HP: 3/138 [barbs]
 16140 | Shoals:1 | Succumbed to barbed spike wounds

Skill      XL: |  1  2  3  4  5  6  7  8  9 10 11 12 13 |
---------------+----------------------------------------+-----
Maces & Flails | 1 2 3 4 |  4.9
Armour         | 3 4 5 |  5.1
Fighting       | 4 5 |  5.4
Shields        | 2 6 10 11 | 11.9
Dodging        | 3 |  3.1
Axes           | 8 11 14 15 | 15.0
Stealth        | |  0.8

Action                   |  1- 3 |  4- 6 |  7- 9 | 10-12 | 13-15 || total
-------------------------+-------+-------+-------+-------+-------++-------
Melee: Hand axe          |    31 |       |       |   818 |   156 ||  1005
       Whip              |    70 |   148 |   277 |       |       ||   495
       Flail             |       |       |   195 |    27 |       ||   222
       Lajatang          |       |       |       |    17 |       ||    17
Invok: Berserk           |     2 |     2 |    10 |    10 |     2 ||    26
       Burn Spellbooks   |       |       |     2 |     2 |       ||     4
       Brothers in Arms  |       |       |       |     1 |       ||     1
  Use: Scroll            |     1 |     3 |    14 |    12 |     1 ||    31
       Potion            |       |       |     1 |     3 |     2 ||     6
 Stab: Distracted        |       |       |       |     1 |       ||     1
  Eat: Chunk             |     1 |     1 |     4 |     4 |       ||    10
       Ration            |       |     3 |     8 |     8 |     1 ||    20
Armor: Animal skin       |     3 |       |       |       |       ||     3
       Leather armour    |    15 |       |       |       |       ||    15
       Chain mail        |    29 |    90 |   227 |   175 |       ||   521
       Plate armour      |       |       |       |   201 |    67 ||   268
Dodge: Dodged            |    52 |    67 |   135 |   185 |    28 ||   467
Block: Shield            |       |       |   193 |   560 |   112 ||   865
